 Dungeon Crawl Stone Soup version 0.30.1 (webtiles) character file.

Game seed: 2601500415509794927

110 cdecastro the Magician (level 5, 0/38 HPs)
             Began as a Djinni Fire Elementalist on July 3, 2023.
             Slain by a gnoll
             ... wielding a +0 flail
              (12 damage)
             ... on level 3 of the Dungeon.
             The game lasted 00:06:58 (3302 turns).

cdecastro the Magician (Djinni Fire Elementalist)   Turns: 3302, Time: 00:06:58

Health: 0/38       AC:  3    Str:  7    XL:     5   Next: 14%
Gold:   213        EV: 12    Int: 18    God:
                   SH:  0    Dex: 14

rFire   + + .        e - +2 whip (holy)
rCold   x . .        (no shield)
rNeg    . . .        a - +0 robe
rPois   ∞            (no helmet)
rElec   .            g - +0 cloak
rCorr   .            (no gloves)
SInv    .            (boots unavailable)
Will    .....        (no amulet)
Stlth   ++           (no ring)
HPRegen 0.26/turn    (no ring)
MPRegen 0.00/turn

%: infuse magic (-1 HP)
@: flying
A: sickness immunity, fire resistance 2, cold vulnerability 1, float, innate
caster, HP casting, extra vitality 1
a: no special abilities


You were on level 3 of the Dungeon.
You visited 1 branch of the dungeon, and saw 4 of its levels.
You also visited: Sewer.

You collected 213 gold pieces.

Inventory:

Hand Weapons
 e - a +2 whip of holy wrath (weapon)
Armour
 a - a +0 robe (worn)
 g - a +0 cloak (worn)
Magical Staves
 q - a staff of death
Wands
 u - a wand of charming (7)
Scrolls
 b - a scroll of teleportation {unknown}
 f - a scroll of fear {unknown}
 i - 3 scrolls of magic mapping {unknown}
 k - 4 scrolls of silence {unknown}
 l - 3 scrolls of identify {unknown}
 r - a scroll of fog {unknown}
 s - 2 scrolls of amnesia {unknown}
 t - a scroll of enchant weapon {unknown}
Potions
 c - 2 potions of might {unknown}
 d - 5 potions of invisibility {unknown}
 h - a potion of magic {unknown}
 j - a potion of degeneration {unknown}
 m - 2 potions of curing {unknown}
 n - 2 potions of cancellation {unknown}
 o - 3 potions of attraction {unknown}
 p - a potion of haste {unknown}
 v - a potion of mutation {unknown}


   Skills:
 + Level 2.2 Fighting
 - Level 2.1 Dodging
 - Level 1.5 Stealth
 * Level 3.7 Spellcasting


You knew the following spells:

 Your Spells              Type           Power      Damage    Failure   Level
a - Foxfire               Conj/Fire      64%        2x1d7     3%          1
b - Scorch                Fire           32%        2d6       4%          2
c - Volatile Blastmotes   Fire/Tloc      32%        2d12      10%         3
d - Inner Flame           Hex/Fire       16%        N/A       10%         3
e - Flame Wave            Conj/Fire      16%        2d7       32%         4
f - Slow                  Hex            64%        N/A       3%          1
g - Wereblood             Tmut           16%        N/A       4%          2
Your spell library was empty.

Dungeon Overview and Level Annotations

Branches:
Dungeon (4/15)              Sewer (visited)
 Temple: D:4-7

Altars:
Okawaru
Uskayaw

Shops:
D:1 (

Annotations:
D:3 3 runed translucent doors, Aerthanath's ghost, amateur HOFi; Mig's ghost, amateur TrFi; nogood's ghost, amateur DsFE


Innate Abilities, Weirdness & Mutations

You are immune to sickness and miasma.
You are immune to poison.
Your flesh is very heat resistant. (rF++)
You are vulnerable to cold. (rC-)
You float through the air rather than walking.
You learn spells naturally, not from books.
Your magical power is your life essence.
You have superior vitality. (+4 MHP)


Message History

Flames lash the ball python.
You kill the ball python!
The gnoll throws a throwing net.
The throwing net hits you.
You become entangled in the net!
Unknown command.
You struggle against the net.
Unknown command.
You struggle against the net.
Unknown command.
You shred the net and break free!
Unknown command.
You fly upwards.
Level annotation: 3 runed translucent doors, Aerthanath's ghost, amateur HOFi; Mig's ghost, amateur TrFi; nogood's ghost, amateur DsFE
There is a stone staircase leading down here.
Unknown command.
You start resting.
HP restored.
You fly downwards.
The gnoll hits you with a +0 flail!
A dart slug comes into view.
There is a stone staircase leading up here.
Unknown command.
Casting: Scorch (safe; 4% risk of failure)
Confirm with . or Enter, or press ? or * to list all spells.
Flames lash the gnoll.
The gnoll is lightly wounded.
The gnoll's fire resistance burns away.
The gnoll hits you but does no damage.
Unknown command.
The gnoll hits you with a +0 flail!
* * * LOW HITPOINT WARNING * * *
You fly upwards.
Level annotation: 3 runed translucent doors, Aerthanath's ghost, amateur HOFi; Mig's ghost, amateur TrFi; nogood's ghost, amateur DsFE
There is a stone staircase leading down here.
Unknown command.
Casting: Scorch (safe; 4% risk of failure)
Confirm with . or Enter, or press ? or * to list all spells.
Flames lash the gnoll.
The gnoll is burned terribly!
The gnoll is moderately wounded.
* * * LOW HITPOINT WARNING * * *
The gnoll hits you with a +0 flail!
You die...

## .### ####### ...#
#...... ##.########
########## #.#####
##........###..g.....#
#.#
#.....###>......@..#.#
#.# # +..##.#
#####.####.#.######.#####
##.##.#
#...................#
#..##.##
#.###.....###########
#..#...## ##.###.##..# #
....#.#.####...##.##..#
###
..#(#........#....##..#
#..
....###.####...#####.(#
#.#
..............######..#
#..


You could see a gnoll (combustible).

Vanquished Creatures
  4 adders
  6 ball pythons
  6 bats
  8 endoplasms
  5 giant cockroaches
  9 hobgoblins
  4 kobolds
  3 quokkas
  7 frilled lizards
  5 goblins
  15 rats
72 creatures vanquished.

Vanquished Creatures (others)
  51 foxfires
51 creatures vanquished.

Grand Total: 123 creatures vanquished

Notes
Turn   | Place    | Note
-------+----------+-------------------------------------------
     0 | D:1      | cdecastro the Djinni Fire Elementalist began the quest for
                  | the Orb.
     0 | D:1      | cdecastro set off with the following spells memorised:
                  | Foxfire, Scorch, Volatile Blastmotes, Inner Flame, Flame
                  | Wave.
     0 | D:1      | Reached XP level 1. HP: 15/15 MP: 0/0
    63 | D:1      | Reached XP level 2. HP: 11/22 MP: 0/0
   194 | D:1      | Reached skill level 1 in Fighting
   275 | D:1      | Reached XP level 3. HP: 26/27 MP: 0/0
   275 | D:1      | Learned a level 1 spell: Slow
   307 | D:1      | Reached skill level 3 in Spellcasting
   611 | D:1      | Found Dekeq's Antique Weapon Shop.
  1074 | D:2      | Found an iron altar of Okawaru.
  1560 | D:2      | Reached XP level 4. HP: 17/32 MP: 0/0
  1969 | D:3      | Found a glowing drain.
  2069 | Sewer    | Entered a sewer
  2407 | D:3      | Reached XP level 5. HP: 36/38 MP: 0/0
  2407 | D:3      | Learned a level 2 spell: Wereblood
  2771 | D:3      | Found a faded altar of an unknown god.
  2900 | D:3      | Found a runed translucent gate.
  2901 | D:3      | Found a runed translucent gate.
  2901 | D:3      | Found a runed translucent gate.
  2904 | D:3      | Noticed Aerthanath's ghost (amateur HOFi)
  2904 | D:3      | Noticed nogood's ghost (amateur DsFE)
  2904 | D:3      | Noticed Mig's ghost (amateur TrFi)
  2910 | D:3      | Found a hide-covered altar of Uskayaw.
  3302 | D:3      | Slain by a gnoll

Illustrated notes

Levels and vault maps discovered:
D:1:      dpeg_arrival_shelter, layout_basic, serial_shops,
          nicolae_lakefront_shop
D:2:      layout_loops_corners, basic_altar
D:3:      layout_loops_ring, nicolae_vehumet_altar_sigil,
          mainiacjoe_overflow_alcove_2, gammafunk_ghost_cemetery,
          shapermc_ecumenical_altar_totnotflames, gup_sewer_entry_glass,
          grunt_ministairs_12
D:4:      layout_rooms, nicolae_ru_awakened_eye, uniq_robin, uniq_sigmund

Skill      XL: |  1  2  3  4 |
---------------+-------------+-----
Fighting       | 1 2 |  2.2
Spellcasting   | 3 |  3.7
Dodging        | |  2.1
Stealth        | |  1.5

Action                     |  1- 3 |  4- 6 || total
---------------------------+-------+-------++-------
  Melee: Unarmed           |     5 |       ||     5
         Whip              |     1 |     7 ||     8
   Cast: Foxfire           |    31 |     1 ||    32
         Scorch            |    22 |    37 ||    59
 Armour: Robe              |     4 |     4 ||     8
  Dodge: Dodged            |    18 |    11 ||    29
